[Event "European Women-ch 2023"]
[Site "Petrovac"]
[Date "2023.03.21"]
[Round "4.9"]
[White "Badelka, Olga"]
[Black "Cyfka, Karina"]
[Result "1-0"]
[ECO "E51"]
[WhiteElo "2428"]
[BlackElo "2350"]
[Annotator "TA"]
[PlyCount "103"]
[EventDate "2023.03.15"]
[EventType "swiss"]
[EventCountry "MNE"]
[SourceTitle "playchess.com"]
[Source "ChessBase"]
[SourceQuality "1"]
[TimeControl "40/5400+30:1800+30"]

1. d4 Nf6 2. c4 e6 3. Nc3 Bb4 4. e3 O-O 5. Bd2 d5 6. Nf3 b6 7. cxd5 exd5 8. Rc1 {[%emt 0:00:07] E51: Nimzo-Indian: Rubinstein: 4...0-0 5 Nf3 d5.} a6 9. Bd3 Bb7 10. Ne5 {[%emt 0:00:24] White has an edge.} Bd6 11. f4 c5 12. Qf3 Nc6 13. Qh3 Ne7 {[%emt 0:03:26] [#]} (13... cxd4 $2 14. Nxd5 g6 15. Nxc6 $18) (13... h6 $1 $11) 14. O-O {[%emt 0:11:39] White has more active pieces. The black rooks are badly placed.} (14. Nd7 $1 $16 {[%cal Rd7f6] White wants to mate with Nxf6+.} Ng6 15. Nxf8 Nxf8 16. O-O) 14... Ne4 15. Be1 $40 {[%emt 0:00:47][%mdl 128] [#] White mounts an attack.} (15. dxc5 {with more complications.} Bxc5 16. Na4 Bc8 17. Qh4) 15... f5 $146 (15... cxd4 $11 {keeps the balance.} 16. exd4 Kh8) ({Predecessor:} 15... Qc8 16. Nd7 Rd8 17. Nxb6 Qxh3 18. gxh3 Rab8 19. Ne2 Nf5 20. Bxe4 dxe4 21. dxc5 Nxe3 22. cxd6 Rxd6 {½-½ Kosic,D (2445)-Vetokhin,S (2261) Arandjelovac GM 2nd 2021 (6)}) 16. dxc5 ({White should play} 16. Bh4 $16) 16... Nxc5 $14 17. Bc2 Qe8 18. Rd1 (18. Bh4 $16) 18... Ne6 19. Bh4 g5 $1 {[%emt 0:00:21] [#] Threatens to win with ...Bxe5.} 20. Bg3 {[%emt 0:02:05] fxg5 is the strong threat.} (20. Bxg5 $2 {loses.} Nxg5 21. Qh4 Bxe5 22. fxe5 Qg6 $19) (20. Be1 $5 gxf4 {[%mdl 64] Remove Defender} 21. exf4 Nxf4 {[%mdl 64] Remove Defender} 22. Rxf4 Bxe5 23. Rf1 $14) 20... Bxe5 21. fxe5 {[%emt 0:00:05] And now e4 would win.} Qg6 22. Be1 Rad8 ({Black should try} 22... Rac8 $14) 23. Ne2 a5 24. Ng3 Ng7 25. Bc3 Qe6 (25... Bc8 $14) 26. Ne2 $16 Qg6 27. Nd4 Bc8 28. Qf3 g4 29. Qf2 Nc6 (29... Ba6 $16 {was called for.}) 30. Ne2 {[%emt 0:00:18] Hoping for Nf4.} Be6 31. Nf4 Qf7 32. Ba4 Ne7 33. Bd4 {[%emt 0:00:19] Black is weak on the dark squares} Rb8 34. Rc1 b5 35. Bc2 Ng6 36. Bc5 {[%emt 0:02:34] This pair of bishops is nice.} Nxe5 $2 {[%emt 0:01:17] A mistake that costs the game.} (36... Rfe8 $16 {is a better defense.} 37. a3 Rbc8) 37. Bxf8 $18 Rxf8 38. Qd2 Nc4 39. Qd4 Qf6 40. b3 ({Worse is} 40. Nxd5 Qxd4 41. Ne7+ Kf7 42. exd4 Kxe7 $17) 40... Nd6 41. Qxf6 ({Inferior is} 41. Nxd5 Qxd4 42. Ne7+ Kf7 43. exd4 Kxe7 $17) 41... Rxf6 42. Rfd1 Nge8 43. Nxd5 Bxd5 44. Rxd5 {[%emt 0:00:12] White is clearly winning.} Kf7 45. Bd3 Ke6 46. Rdc5 g3 47. hxg3 Rg6 48. Bxb5 Nf6 49. Bc4+ Kd7 50. Rd1 Rxg3 51. Rxa5 {[%emt 0:01:50] Ra7+ would be deadly.} Rxe3 52. Ra7+ {[%emt 0:00:10] Weighted Error Value: White=0.15 (very precise) /Black=0.38} 1-0

[Event "European Women-ch 2023"]
[Site "Petrovac"]
[Date "2023.03.21"]
[Round "4.9"]
[White "Gajcin, Marina"]
[Black "Savina, Anastasia"]
[Result "1-0"]
[ECO "C67"]
[WhiteElo "2215"]
[BlackElo "2345"]
[Annotator "TA"]
[PlyCount "83"]
[EventDate "2023.03.15"]
[EventType "swiss"]
[EventCountry "MNE"]
[SourceTitle "playchess.com"]
[Source "ChessBase"]
[SourceQuality "1"]
[TimeControl "40/5400+30:1800+30"]

1. e4 e5 2. Nf3 Nc6 3. Bb5 Nf6 4. O-O Nxe4 5. d4 Nd6 6. dxe5 Nxb5 7. a4 d6 8. e6 {[%emt 0:01:06] [#]} Bxe6 {[%emt 0:00:30][%cal Oa7a6] C67: Ruy Lopez: Berlin Defence: 4 0-0 Nxe4.} 9. axb5 Ne5 10. Nd4 Bd7 {[%emt 0:14:50] The position is equal.} 11. f4 {[%emt 0:26:23][%mdl 1024] White has compensation.} Ng4 (11... Bg4 $2 12. Qe1 $18) 12. Re1+ (12. Qf3 $5 ) 12... Be7 13. Qe2 Kf8 14. Nc3 (14. h3 {simplifies} Nh6 15. Be3 Nf5 16. Nxf5 Bxf5 17. Nc3) 14... Bh4 {[%emt 0:02:52] White must now prevent ...Bf2+.} 15. g3 Bf6 16. Nf3 h5 {[%emt 0:04:57] [#]} (16... c6 $5 ) 17. Ne4 $146 ({Predecessor:} 17. Nd5 c6 18. bxc6 Bxc6 19. c4 a6 20. h3 Bxd5 21. cxd5 Nh6 22. Be3 Qd7 23. Kg2 {0-1 Calzetta Ruiz,M (2235)-Topalov,V (2740) Salamanca Uni 8th rapid 2018 (5)}) 17... c6 18. h3 (18. Nxd6 cxb5 19. Be3 h4 $15) (18. Be3 $11 {keeps the balance.}) 18... d5 (18... Qb6+ $17 19. Kf1 Nh6) 19. Nxf6 (19. Neg5 {with more complications.} Qb6+ 20. Kg2 Nh6 21. Ne5) 19... Nxf6 20. Ng5 Bf5 (20... Kg8 21. Qe7 Qe8 22. Qxe8+ Bxe8 23. b6 $16) ({Black should play} 20... cxb5 $15 21. Be3 (21. Qe3 a6 $15) 21... b6) 21. Be3 ({White should try} 21. Qe5 Qd7 22. bxc6 bxc6 23. Be3) 21... Ne4 $11 22. Nxe4 Bxe4 23. bxc6 bxc6 24. Bxa7 Kg8 25. Bd4 Rh6 26. b4 Rxa1 27. Rxa1 Qc8 28. Kh2 Qf5 29. c3 Re6 (29... h4 {is more complex.} 30. Rg1 hxg3+ 31. Rxg3 f6) 30. Qf2 Bb1 {[%emt 0:00:47] ...Qd3 would be deadly.} 31. Ra8+ $2 (31. Qf1 $15 Bd3 32. Qf3 (32. Ra8+ $2 Kh7 $17)) 31... Kh7 $19 {[%emt 0:00:02] And now ...Qd3 would win.} 32. Be5 $2 (32. Qd2 Bd3 33. Ra2) 32... Rxe5 {[%emt 0:00:56][%mdl 64] Pin} 33. g4 Qf6 {[%emt 0:00:24] Threatens to win with ...Re4.} ({Worse is} 33... hxg4 34. hxg4 Qf6 35. g5 $15) 34. Kg3 h4+ 35. Kg2 Be4+ 36. Kg1 Re7 37. g5 Qd6 $4 (37... Qxc3 {and life is good for Black.} 38. Kh2 Bf5 39. Qxh4+ Kg6 40. Ra2 Re3 41. Kh1 Rxh3+ 42. Qxh3 Qxh3+ 43. Kg1 Qe3+ 44. Kg2 Kh5 45. Rf2 Qe1 46. Rf3 Be4 47. g6 Qe2+ {[%mdl 64] Pin, Deflection, Double Attack} 48. Kh3 Qxf3+ 49. Kh2 Qg2#) 38. Qxh4+ Kg6 39. Rh8 f6 40. Qh5+ Kf5 41. Qg4+ Kg6 {[%emt 0:00:19] [#]} 42. f5+ $1 {[%emt 0:02:23][%mdl 512] Never resign too early! An exciting game.   Weighted Error Value: White=0.70/Black=0.47} 1-0

[Event "European Women-ch 2023"]
[Site "Petrovac"]
[Date "2023.03.21"]
[Round "4.9"]
[White "Donghvani, Nia"]
[Black "Mayrhuber, Nikola"]
[Result "1-0"]
[ECO "E17"]
[WhiteElo "2025"]
[BlackElo "2162"]
[Annotator "TA"]
[PlyCount "83"]
[EventDate "2023.03.15"]
[EventType "swiss"]
[EventCountry "MNE"]
[SourceTitle "playchess.com"]
[Source "ChessBase"]
[SourceQuality "1"]
[TimeControl "40/5400+30:1800+30"]

1. d4 Nf6 2. c4 e6 3. Nf3 b6 4. g3 Bb7 5. Bg2 Be7 6. Nc3 Ne4 7. Bd2 Nxd2 8. Qxd2 {[%emt 0:00:04] E17: Queen's Indian: 4 g3 Bb7 5 Bg2 Be7.} d5 9. Ne5 O-O 10. O-O {[%emt 0:00:40] White is slightly better.} c6 11. b3 Nd7 {[%emt 0:01:44] [#]} 12. Nd3 $146 ({Predecessor:} 12. Nxd7 Qxd7 13. Rad1 Ba6 14. Qd3 Rad8 15. Rfe1 Qc8 16. e4 dxc4 17. bxc4 e5 18. d5 {½-½ Baumbach,F (2345)-Seils,J (2330) Oberliga Nord O 9293 1992}) 12... Nf6 13. Ne5 Rc8 14. Rfd1 Qc7 15. e4 c5 {[%emt 0:04:16] [#] Strongly threatening ...cxd4.} 16. Nb5 {[%emt 0:05:18] A dynamic duo of knights.} Qb8 17. exd5 exd5 18. Re1 Rfe8 19. cxd5 {[%emt 0:02:48] [#] aiming for Nc6.} Nxd5 (19... a6 $1 $11 {keeps the balance.} 20. d6 (20. Nc3 cxd4 21. Na4 Bxd5 $15) 20... Bxg2 21. Kxg2 axb5 22. dxe7 Qb7+ 23. Nf3 Ne4) 20. dxc5 $16 {[%emt 0:02:03] White is much more active.} Nf6 {[%emt 0:23:46][%mdl 8192] Black cannot hold the game after this.} (20... Rcd8 $16 {is more resistant.}) 21. c6 $18 Ba6 22. c7 Rxc7 23. Nxc7 Qxc7 24. Rac1 Bc5 25. b4 Rxe5 26. bxc5 Rxc5 27. Rxc5 bxc5 28. Qe3 $40 {[%emt 0:00:54][%cal Oe3e8][%mdl 128] Intending Qe8+! and mate. White attacks with force.} g6 $2 (28... h6 {might work better.} 29. Rc1 Qa5 30. Qxc5 Qxa2 31. Qxa7 Qb2) 29. Qe7 Qb6 30. Rd1 {[%emt 0:00:08] Against Bd3} Kg7 31. h3 Bc4 32. Rd8 Qb1+ 33. Kh2 g5 34. Qxc5 Bxa2 35. Qxg5+ Qg6 36. Qc5 Ne4 37. Qf8+ Kf6 38. Qh8+ (38. Rd4 $142 Bb1 39. Bxe4 {[%mdl 64] Remove Defender} Bxe4 40. Rd6+ Kf5 41. Qe7 Qxd6 42. Qxd6) 38... Kf5 39. Bxe4+ {[%emt 0:00:13] White mates.} Kxe4 40. Qd4+ Kf5 41. Qf4+ Ke6 42. Rd6+ {[%emt 0:00:23] Weighted Error Value: White=0.21 (precise) /Black=0.82} (42. Qd6+ $142 Kf5 43. g4+ Qxg4 44. hxg4+ Kxg4 45. Qf6 Bb1 46. Rd4+ Be4 47. Rxe4+ Kh5 48. Rh4#) 1-0

[Event "European Women-ch 2023"]
[Site "Petrovac"]
[Date "2023.03.21"]
[Round "4.10"]
[White "Daulyte-Cornette, Deimante"]
[Black "Fataliyeva, Ulviyya"]
[Result "1-0"]
[ECO "C02"]
[WhiteElo "2344"]
[BlackElo "2427"]
[Annotator "TA"]
[PlyCount "85"]
[EventDate "2023.03.15"]
[EventType "swiss"]
[EventCountry "MNE"]
[SourceTitle "playchess.com"]
[Source "ChessBase"]
[SourceQuality "1"]
[TimeControl "40/5400+30:1800+30"]

1. e4 e6 2. d4 d5 3. e5 c5 4. c3 Nc6 5. Nf3 Bd7 6. Be2 Nge7 7. Na3 cxd4 8. cxd4 Nf5 9. Nc2 Be7 {[%emt 0:00:18] The modern move.} 10. O-O {[%emt 0:01:48] C02: French: Advance Variation.} O-O 11. Bd3 f6 12. Bxf5 {[%emt 0:12:09] The position is equal.} exf5 13. Re1 Be8 {[%emt 0:14:40] [#]} 14. Qd3 $146 ({Predecessor:} 14. exf6 Bxf6 15. Ne5 Qb6 16. b3 Kh8 17. Qd3 Bxe5 18. dxe5 f4 19. Ba3 Bg6 20. Qd2 {0-1 Bwalya,G (2291)-Gupta,A (2619) Mansa Chilufya Memorial 2017 (9)}) 14... Rc8 15. Bd2 f4 16. Rac1 (16. Bxf4 $2 {is the wrong capture.} fxe5 17. Bxe5 Bg6 $19) 16... g5 17. exf6 Bxf6 18. Nb4 Bg6 19. Qb3 Bf7 (19... Nxd4 $2 20. Rxc8 Nxb3 21. Rxd8 Rxd8 22. axb3 $18) 20. Nxc6 bxc6 21. Ne5 {[%emt 0:00:35] White is much more active.} Re8 22. Nxf7 ({But not} 22. Nxc6 Rxe1+ 23. Bxe1 Qd7 $17) 22... Rxe1+ (22... Kxf7 $16 23. Rxe8 Qxe8) 23. Rxe1 $18 Kxf7 24. Qd3 ({Don't do} 24. Qh3 Kg7 $16) (24. h4 $18) 24... Kg7 {[%emt 0:02:04] [#]} 25. h4 $1 Qd7 26. hxg5 Bxg5 27. Re5 h6 28. Rf5 $36 {[%emt 0:15:50][%mdl 2048] White is on the roll.} Re8 (28... Qc7 $16 29. g3 Rf8) 29. Bxf4 Re1+ 30. Kh2 Re4 $2 (30... Bxf4+ {keeps fighting.} 31. Rxf4 Re6) 31. Be5+ Kg8 32. Qf3 Qe7 {[%emt 0:02:10] Prevents Rf8+} (32... Qe8 {was worth a try.} 33. g3 Be7) 33. g3 Re1 34. Kg2 {[%emt 0:01:15] [#] Hoping for Qg4.} Qe8 35. Qa3 (35. Qg4 $142 Qg6 36. Rf3) 35... Qe7 36. Qb3 {[%emt 0:00:26] Qb8+ is the strong threat.} Qd7 37. Qf3 {[%emt 0:01:27] White threatens Rf8+ and mate.} Qe8 {[%emt 0:00:03] Dodges Rf8+} 38. Qg4 {[%emt 0:01:15] White is clearly winning.} Qg6 39. Rf3 {[%emt 0:00:53] Qc8+ would kill now.} Qe8 {[%emt 0:00:59] Prevents Qc8} 40. Qf5 c5 41. Rb3 {[%emt 0:04:31] Intending Rb7 and mate.} Rxe5 42. dxe5 d4 43. Qe4 {[%emt 0:01:12] Weighted Error Value: White=0.28 (precise) /Black=0.50} 1-0

[Event "European Women-ch 2023"]
[Site "Petrovac"]
[Date "2023.03.21"]
[Round "4.10"]
[White "Chelushkina, Irina"]
[Black "Mkrtchyan, Mariam"]
[Result "1/2-1/2"]
[ECO "C54"]
[WhiteElo "2207"]
[BlackElo "2343"]
[Annotator "TA"]
[PlyCount "166"]
[EventDate "2023.03.15"]
[EventType "swiss"]
[EventCountry "MNE"]
[SourceTitle "playchess.com"]
[Source "ChessBase"]
[SourceQuality "1"]
[TimeControl "40/5400+30:1800+30"]

1. e4 e5 2. Nf3 Nc6 3. Bc4 Bc5 4. c3 Nf6 5. d3 d6 6. Bb3 h6 7. Nbd2 {[%emt 0:00:34] 7.0-0 is vanishing.} O-O 8. O-O Re8 {[%emt 0:01:09] C54: Giuoco Piano: 4 c3 Nf6, main lines with 5 d4 and 5 d3.} 9. h3 a5 10. Re1 Be6 {[%emt 0:04:49] The position is equal.} 11. Ba4 Bd7 12. Nf1 Qb8 13. Bc2 Qa7 14. Be3 Bxe3 15. Nxe3 {[%emt 0:00:19] [#]} a4 $146 ({Predecessor:} 15... Ne7 16. d4 Ng6 17. a4 Nf4 18. Nc4 Be6 19. Ne3 Bd7 20. Rb1 Rad8 21. Nh4 g6 22. Qd2 Kg7 {1-0 Colin,S (2431)-Williamson,D (2390) ENG-SWE email 2018 [2]}) 16. a3 b5 17. Nd5 Nxd5 18. exd5 Ne7 19. d4 exd4 20. Nxd4 g6 21. Qd2 Kg7 22. Be4 Ng8 23. Bf3 Re5 24. Nc2 Rae8 (24... Qc5 {is more complex.} 25. Rad1 Nf6 26. Qf4 Rae8) 25. Ne3 f5 26. Qd4 Qc5 27. Red1 Nf6 28. c4 b4 29. Qxc5 dxc5 30. axb4 cxb4 31. c5 {[%emt 0:00:09] Strongly threatening Nc4.} Bb5 {[%emt 0:02:09] Against Nc4} 32. Rd4 (32. c6 $5 ) 32... b3 33. g4 fxg4 34. hxg4 c6 35. Rb4 Ne4 36. Rc1 Nxf2 {[%emt 0:03:52][%mdl 64] Discovered Attack, Remove Defender} 37. Kxf2 Rxe3 38. dxc6 Be2 39. Bg2 {[%emt 0:00:00] And now Re1 would win.} R3e7 $2 (39... Rd3 $14) 40. Re1 $18 ({Don't take} 40. Rxa4 $6 Rd8 $16) 40... Rf7+ 41. Kg1 h5 42. gxh5 gxh5 43. Rxa4 Re6 44. Rb4 {[%emt 0:08:09] Prevents Bc4. Hoping for Rb7.} Bc4 $2 (44... Rf5 45. Rc1 Ba6 46. Rxb3 Rg5) 45. Rxe6 Bxe6 {[%emt 0:00:01][%mdl 4096] Endgame KRB-KRB} 46. Rb7 Kf6 47. Kh2 $2 (47. Rxf7+ Kxf7 48. c7) 47... Re7 48. c7 (48. Kg3 $18) 48... Bc8 $2 (48... Bf5 $16 49. c6 (49. Rxb3 Rxc7 50. Rb5 Re7 $16) 49... h4 50. Rxb3 Rxc7) 49. Rxb3 ({Less strong is} 49. Rb6+ Ke5 $16) (49. c6 $142) 49... Rxc7 50. c6 (50. Rb6+ $18 Ke5 51. b4) 50... Ke7 51. Rb8 $1 {[%emt 0:01:30] aiming for b4. White is more active.} Kd6 $2 (51... Be6 $16 52. b4 Kd6 53. Rd8+ Ke7) 52. b4 $1 Be6 53. Rd8+ Ke7 54. Rh8 (54. Rd2 $142) 54... Kd6 {[%emt 0:02:02] [#]} 55. Rxh5 ({White must play} 55. Re8 $1 $18) 55... Re7 $16 56. Ra5 (56. Rh8 $18) 56... Re8 57. Ra7 Rb8 58. Rb7 Rh8+ 59. Kg3 Rg8+ 60. Kf2 Bc8 (60... Ra8 $16 {is a better defense.}) 61. Rb5 $18 Kc7 62. Bf3 {[%emt 0:00:38] Against Rg4} (62. Re5 $18 {has better winning chances.}) 62... Ba6 $16 63. Rh5 Kb6 {[%emt 0:00:02] Wards off b5} 64. Ke3 Bb5 65. Rh6 Rc8 66. Kd4 Rc7 67. Bd5 Ba4 68. Rd6 (68. Rh8 {simplifies} Bxc6 69. Rh6 Kb5 70. Bxc6+ Kxb4 71. Bd5) 68... Bb5 69. Kc3 ({Better is} 69. Rd8 $16 {Intending Rb8+ and mate.} Bxc6 70. Be6) 69... Ba4 (69... Rg7 $11) 70. Kc4 Bb5+ 71. Kd4 Ba4 72. Rh6 (72. Rd8 {simplifies} Bxc6 73. Rd6 Kb5 74. Bxc6+ Kxb4 75. Bd5) 72... Bb5 73. Be4 Ba4 74. Kc4 (74. Rh8 {simplifies} Bxc6 75. Rh6 Kb5 76. Bxc6+ Kxb4 77. Bd5) 74... Bb5+ {[%emt 0:00:03] [#]} 75. Kb3 ({White should play} 75. Kc3 $1 $16) 75... Ka7 (75... Re7 $1 $11 {remains equal.}) 76. Bf3 Kb6 77. Bd5 Ka7 78. Kc3 Kb6 79. Kd4 Ba4 $1 80. Rf6 {[%emt 0:01:52] White is better.} Bb5 81. Kc3 Ba4 82. Kc4 Bb5+ 83. Kb3 Ka7 {[%emt 0:00:07] White really could win this.   Weighted Error Value: White=0.33/Black=0.38} 1/2-1/2

[Event "European Women-ch 2023"]
[Site "Petrovac"]
[Date "2023.03.21"]
[Round "4.10"]
[White "Ter-Avetisjana, Agnesa Stepania"]
[Black "Zherebtsova, Alexandra"]
[Result "0-1"]
[ECO "B31"]
[WhiteElo "1974"]
[BlackElo "2155"]
[Annotator "TA"]
[PlyCount "90"]
[EventDate "2023.03.15"]
[EventType "swiss"]
[EventCountry "MNE"]
[SourceTitle "playchess.com"]
[Source "ChessBase"]
[SourceQuality "1"]
[TimeControl "40/5400+30:1800+30"]

1. e4 c5 2. Nf3 Nc6 3. Bb5 g6 4. O-O Bg7 5. Re1 a6 6. Bxc6 dxc6 7. d3 {[%emt 0:00:33] B31: Sicilian: 2...Nc6 3 Bb5 g6.} Nf6 8. a4 a5 9. Na3 {[%emt 0:04:24] White is slightly better.} O-O 10. h3 Qc7 11. Be3 Nd7 12. Rb1 {[%emt 0:04:21] [#]} e5 $146 ({Predecessor:} 12... b6 13. Qd2 Ne5 14. Nxe5 Bxe5 15. Bh6 Rd8 16. f4 Bd4+ 17. Kh1 Ba6 18. e5 c4 {1-0 Gupta,A (2066)-Bar Ziv,I (2083) Afroasian-ch14 sf-C email 2012}) 13. Qd2 Rd8 14. Bh6 Nf8 15. Bxg7 Kxg7 16. Qc3 Nd7 17. Nd2 f6 18. Rf1 b6 19. Rbe1 g5 (19... Ba6 $5 ) 20. Ndc4 Nf8 21. Ne3 Ng6 22. Kh2 Be6 23. Nb1 h5 24. Nd2 Rh8 25. f3 Qd7 26. Kg1 Nf4 27. Ndc4 Rab8 (27... Qd8 $17) 28. Kf2 Kg6 29. Rh1 (29. h4 $1 $11) 29... Qd4 {[%emt 0:03:20] Black is more active.} (29... h4 $1 $15) 30. Qxd4 $2 {[%emt 0:02:53] [#]} (30. h4 $11) 30... cxd4 $17 31. Nf1 (31. Nf5 $17) 31... Bxc4 32. dxc4 b5 33. axb5 cxb5 34. g3 Ne6 35. Nd2 h4 36. gxh4 Rxh4 (36... bxc4 $19 37. Nxc4 Rhc8) 37. Ra1 a4 38. cxb5 Rxb5 39. b3 axb3 40. Nxb3 (40. cxb3 {is the only way for White.} Nf4 41. Kg3) 40... Nf4 (40... d3 $142 41. Ra6 dxc2 42. Rxe6 Rxb3) 41. Ra5 $2 (41. Ra2 {was worth a try.}) 41... Rb6 {[%emt 0:07:55] [#] ...d3 would be deadly.} (41... Nxh3+ 42. Rxh3 Rxa5 43. Rxh4 $14) 42. Ra3 $2 (42. Ra2 {only move.}) 42... Rc6 $19 (42... Rxh3 $2 {too greedy.} 43. Rxh3 Nxh3+ 44. Kg3 $19) ({Stronger than} 42... Nxh3+ 43. Kg3 Nf4 44. Rxh4 gxh4+ 45. Kxh4 $17) 43. Ra2 Rxh3 (43... Nxh3+ $2 {is the wrong capture.} 44. Kg3 Nf4 45. Rxh4 gxh4+ 46. Kxh4 $19) 44. Rxh3 Nxh3+ 45. Ke2 Rc3 {[%emt 0:01:06] Weighted Error Value: White=0.40/Black=0.27 (precise)} 0-1

[Event "European Women-ch 2023"]
[Site "Petrovac"]
[Date "2023.03.21"]
[Round "4.11"]
[White "Wagner, Dinara"]
[Black "Heinemann, Josefine"]
[Result "1-0"]
[ECO "D41"]
[WhiteElo "2411"]
[BlackElo "2343"]
[Annotator "TA"]
[PlyCount "82"]
[EventDate "2023.03.15"]
[EventType "swiss"]
[EventCountry "MNE"]
[SourceTitle "playchess.com"]
[Source "ChessBase"]
[SourceQuality "1"]
[TimeControl "40/5400+30:1800+30"]

1. d4 {[%emt 0:00:04] Edouard,Romain} Nf6 2. c4 e6 3. Nf3 d5 4. Nc3 c5 5. cxd5 Nxd5 6. e4 Nxc3 7. bxc3 cxd4 8. cxd4 Bb4+ 9. Bd2 Bxd2+ 10. Qxd2 O-O 11. Bc4 Nd7 12. O-O {[%emt 0:00:27] D41: Queen's Gambit Declined: Semi-Tarrasch with 5 cxd5.} b6 13. d5 Nc5 14. Rfe1 {[%emt 0:00:47] The position is equal.} exd5 15. exd5 ({Of course not} 15. Qxd5 Be6 16. Qxd8 Rfxd8 17. Bxe6 Nxe6 $15) 15... Qd6 {[%emt 0:00:37] [#]} 16. h4 $146 ({Predecessor:} 16. Qd4 Bb7 17. Rad1 Rae8 18. Ne5 a6 19. a3 Re7 20. Re3 Rfe8 21. Nxf7 Kxf7 22. Re6 Qd8 23. Qf4+ Kg8 24. Rxe7 Rxe7 25. d6+ Re6 26. d7 g6 27. Rd6 {1-0 Giri,A (2764)-Nepomniachtchi,I (2784) Chessable Masters Final rapid 2020 (2.12)}) 16... h6 17. Ne5 Bb7 18. Rad1 Rfe8 19. Qd4 ({Reject} 19. Qf4 Re7 20. Re3 Nd7 $11) 19... Re7 20. Re3 a6 {[%emt 0:13:37] Repels Bb5} 21. a3 {[%emt 0:04:19] White is more active.} Rae8 {[%emt 0:06:28] [#]} (21... b5 $14) 22. Rde1 ({Only move:} 22. Nxf7 $1 $16 Kxf7 23. Re6) 22... b5 (22... f6 $1 $11 23. Ng6 Rxe3 24. Rxe3 Rxe3 25. Qxe3 Kf7 26. Nh8+ Kf8) 23. Ba2 $16 Nd7 $2 {[%emt 0:05:25] [#] A mistake that costs the game.} (23... Rd8 $16) 24. Nxf7 $1 $18 {[%emt 0:09:22][%mdl 576] Remove Defender} Kxf7 25. Re6 Nf6 $2 (25... Bxd5 26. Rxd6 Rxe1+ 27. Kh2 Bxa2) 26. Rxd6 Rxe1+ 27. Kh2 {[%emt 0:00:02][%cal Od6f6] Black must now prevent Rxf6+!} R8e4 {[%emt 0:00:15] [#]} 28. Rxf6+ $1 {[%emt 0:00:56][%mdl 576] Clearance} gxf6 29. Qa7 Kg6 30. Qxb7 {[%emt 0:00:24] aiming for d6.} Rxh4+ 31. Kg3 Ra4 32. f3 {[%emt 0:25:24] Intending d6 and mate.} Rxa3 {[%emt 0:00:20] [#]} 33. Qc8 $1 {[%emt 0:03:43] White wants to mate with Qg8+.} Rxa2 {[%emt 0:09:50][%mdl 4096] Endgame KQ-KRR} 34. Qg8+ Kf5 35. Qg4+ Ke5 36. Qe6+ {[%emt 0:00:06][%mdl 64] Skewer} Kd4 37. Qxe1 {[%emt 0:00:29] d6 would kill now.} Kxd5 38. Qe4+ Kc5 39. Qe7+ {[%emt 0:00:41] White mates.} Kd4 40. Qb4+ Ke5 41. f4+ Kd5 {[%emt 0:00:59] An entertaining game by Wagner.   Weighted Error Value: White=0.10 (very precise) /Black=0.42} 1-0

[Event "European Women-ch 2023"]
[Site "Petrovac"]
[Date "2023.03.21"]
[Round "4.11"]
[White "Pogorelskikh, Sofia"]
[Black "Velikic, Adela"]
[Result "1-0"]
[ECO "B48"]
[WhiteElo "2102"]
[BlackElo "2329"]
[Annotator "TA"]
[PlyCount "70"]
[EventDate "2023.03.15"]
[EventType "swiss"]
[EventCountry "MNE"]
[SourceTitle "playchess.com"]
[Source "ChessBase"]
[SourceQuality "1"]
[TimeControl "40/5400+30:1800+30"]

1. e4 c5 2. Nf3 e6 3. d4 cxd4 4. Nxd4 Nc6 5. Nc3 Qc7 6. Be3 a6 7. Qf3 {[%emt 0:00:38] 7.g4 is the recent fashion. B48: Sicilian: Taimanov: 5 Nc3 Qc7 6 Be3 a6 without Be2.} b5 8. Nxc6 Qxc6 9. Bd3 {[%emt 0:00:56] The position is equal.} Ba3 {[%emt 0:00:09][%mdl 64] Deflection} 10. bxa3 Qxc3+ 11. Ke2 Ne7 12. Qg3 {[%emt 0:03:44] [#]} f5 $146 ({Predecessor:} 12... O-O 13. Qd6 Nc6 14. f4 e5 15. f5 Re8 16. Kf2 Na5 17. Rhd1 Nc4 18. Qb4 {½-½ Goh,W (2435)-Vorobiov,E (2584) Helsingor Xtracon op 2016 (8)}) 13. Qd6 Bb7 (13... fxe4 {simplifies} 14. Bxe4 Qc4+ 15. Bd3 Qg4+) 14. f3 fxe4 15. fxe4 $40 {[%emt 0:00:15][%mdl 128] White has some attack.} Qc6 16. Bc5 Qxd6 17. Bxd6 Nc8 {[%emt 0:04:12] Black is weak on the dark squares} 18. Bb4 a5 (18... Nb6 $11) 19. Bc5 $1 $14 d6 20. Bxb5+ Kd8 {[%emt 0:08:53] [#] This move loses the game for Black.} (20... Ke7 $1 $11 21. Bf2 (21. Bd4 e5 $11) 21... Bxe4) 21. Rhf1 $1 $18 Ba6 22. Bxa6 Rxa6 (22... dxc5 $142 23. Bxc8 Rxc8) 23. Be3 Rc6 24. Kd3 Ke8 25. Rab1 h6 26. Rb5 g5 27. Rb7 {[%emt 0:02:45] Black must now prevent Rf6.} Ne7 $2 (27... Rf8 28. Rxf8+ Kxf8) 28. Rf6 e5 29. Re6 Rh7 {[%emt 0:00:12] [#]} 30. h4 $1 Rg7 (30... gxh4 31. Bf2) 31. h5 Rh7 32. a4 Kf8 33. c4 Rf7 34. Rxh6 Rf1 35. Rh7 Nc8 {[%emt 0:00:33] Artfully played by Pogorelskikh.   Weighted Error Value: White=0.14 (very precise) /Black=0.62} 1-0